Connexion

LAS VEGAS Golden Knights vs EDMONTON Oilers

Created - 19 octobre 2023 at 05:53

Goals
1 2 3 T
LAS VEGAS Golden Knights 1 3 1 5
EDMONTON Oilers 0 2 0 2
Shots
1 2 3 T
LAS VEGAS Golden Knights 8 13 3 24
EDMONTON Oilers 9 8 11 28

GoalsPenalties
1st period
1. LAS VEGAS Golden Knights , Luke Kunin 7 (Artem Anisimov 10, Filip Hronek 15) at 14:22
No Penalty
2nd period
2. LAS VEGAS Golden Knights , Pavel Zacha 12 (Ryan Nugent-Hopkins 11, Jack Johnson 5) at 3:37
3. LAS VEGAS Golden Knights , Ryan Nugent-Hopkins 11 (J.T. Miller 13, Jack Johnson 6) at 11:32
4. EDMONTON Oilers , Oliver Ekman-Larsson 5 (Nikolaj Ehlers 22) at 15:35 (PP)
5. LAS VEGAS Golden Knights , Alex Galchenyuk 5 (Luke Kunin 10, Jakub Zboril 7) at 16:09
6. EDMONTON Oilers , Clayton Keller 15 (Roman Josi 15, Tony DeAngelo 20) at 16:21
Oliver Ekman-Larsson (EDM) for Tripping (Minor) at 8:08
Brady Skjei (L-V) for Interference (Minor) at 14:36
Anthony Cirelli (EDM) for Interference (Minor) at 17:47
3rd period
7. LAS VEGAS Golden Knights , Ryan Nugent-Hopkins 12 (Pavel Zacha 12, J.T. Miller 14) at 0:35
No Penalty
Goalie Stats
Ilya Sorokin (L-V), 26 saves from 28 shots - (0,929), W, 9-9-2, 60:00 minutes
Juuse Saros (EDM), 17 saves from 22 shots - (0,773), L, 14-7-4, 40:35 minutes
Mike Smith (EDM), 2 saves from 2 shots - (1,000), 19:25 minutes
3 StarsOfficial
1 - Ryan Nugent-Hopkins (L-V)
2 - Pavel Zacha (L-V)
3 - Luke Kunin (L-V)
Referees : Dan O'Rourke and Don Koharski
Linesman : Ryan Galloway and Mark Shewchyk
Game Note
Nick Seeler is injured at 13:49 of 1st period (Sprained Left Finger)
Mike Smith enters game at 0:35 of 3rd period
Finance
Level 1 -- Attendance: 6000 (100,00%) -- Ticket Income 720 000 $
Level 2 -- Attendance: 3839 (100,00%) -- Ticket Income 391 578 $
Level 3 -- Attendance: 2000 (100,00%) -- Ticket Income 102 000 $
Level 4 -- Attendance: 3401 (85,03%) -- Ticket Income 136 040 $
Luxury Box -- Attendance: 968 (96,80%) -- Ticket Income 232 320 $
Game was played at the Rexall Place.
Total Attendance: 16208 (96,25%)
Total Ticket Income: 1 581 938 $
Other Income: 316 388 $
Total Income: 1 898 326 $



Team Name Goals Shots Shots Attemp Shots Blocked PIM HIT PP PK FO%
LAS VEGAS Golden Knights 5245452210 / 2 (0%)159%
EDMONTON Oilers 2284774151 / 1 (100%)041%

LAS VEGAS Golden Knights
Player Name POS G A P +/- PIM HIT SHT SB MP PP MP PP SHT PK MP PK SHT FO% FOT
Alex GalchenyukC/LW1011004020:312:1700:00065% 20
Alex KerfootC/LW0000021114:480:0000:00047% 15
Artem AnisimovC/LW0111002020:312:1710:0000% 0
Brady SkjeiD0001210224:451:4600:0000% 0
Cole CaufieldRW0000000014:480:0000:0000% 0
Filip HronekD0112001125:131:5200:4700% 0
J.T. MillerC/LW/RW0223042020:191:4100:000100% 1
Jack JohnsonD0222020017:460:5400:1200% 0
Jakub ZborilD0112031023:291:4700:4700% 0
Jayce HawrylukC/RW000000000:000:0000:0000% 0
Keegan KolesarRW000100004:380:0000:000100% 1
Kirby DachC/RW000000003:230:0000:00063% 8
Luke KuninC/RW1121041020:312:1700:00050% 2
Nick SeelerD000003004:380:0000:0000% 0
Nikita ZaitsevD0000010122:531:3700:1200% 0
Pavel ZachaC/LW1123003021:181:4100:59075% 4
Philip KurashevC/LW/RW0000000014:480:0000:0000% 1
Ryan Nugent-HopkinsC/LW2133019024:411:4110:59058% 26
EDMONTON Oilers
Player Name POS G A P +/- PIM HIT SHT SB MP PP MP PP SHT PK MP PK SHT FO% FOT
Alexander RomanovD0000010116:150:0001:2300% 0
Anthony CirelliC0000222013:550:0001:15050% 18
Arthur KaliyevRW0000002012:410:0000:000100% 1
Casey CizikasC000001006:290:0000:00050% 8
Clayton KellerC/LW/RW101-4023019:430:3101:0600% 1
Dylan StromeC0000001014:180:0001:37050% 2
Jack QuinnRW0000021018:150:2800:0000% 0
Jonas SiegenthalerD000-3000020:350:0000:4400% 0
Mackenzie EntwistleRW000001106:290:0000:0000% 0
Mitch MarnerRW000-4013018:340:2800:00050% 2
Nico HischierC000-4024019:240:2810:50030% 27
Nikolaj EhlersLW0110006121:100:3102:5200% 0
Oliver Ekman-LarssonD101-3202021:000:3110:3900% 0
Rasmus SandinD0000000015:230:3100:0000% 0
Roman Josi D011-1011123:230:2802:3500% 0
Ryan O'ReillyC/LW0000000018:340:3100:16042% 19
Tony DeAngeloD011-1022423:230:2812:3500% 0
Yegor SharangovichC/LW000000006:290:0000:0000% 0



Play-by-Play

1st period


0:01 of 1st period - Ryan O'Reilly wins face-off versus Ryan Nugent-Hopkins in neutral zone.
0:01 of 1st period - Ryan O'Reilly is hit by J.T. Miller.
1:27 of 1st period - Clayton Keller is hit by Nick Seeler and loses puck.
1:40 of 1st period - Shot by Mitch Marner.
1:40 of 1st period - Stopped by Ilya Sorokin without a rebound.
1:41 of 1st period - Anthony Cirelli wins face-off versus Alex Kerfoot in LAS VEGAS Golden Knights zone.
1:45 of 1st period - Shot by Anthony Cirelli.
1:45 of 1st period - Stopped by Ilya Sorokin without a rebound.
1:46 of 1st period - Anthony Cirelli wins face-off versus Alex Kerfoot in LAS VEGAS Golden Knights zone.
2:25 of 1st period - Shot by Alex Kerfoot.
2:25 of 1st period - Shot Misses the Net.
2:53 of 1st period - Shot by Ryan Nugent-Hopkins.
2:53 of 1st period - Stopped by Juuse Saros without a rebound.
2:54 of 1st period - Alex Galchenyuk wins face-off versus Casey Cizikas in EDMONTON Oilers zone.
3:03 of 1st period - Shot by Alex Galchenyuk.
3:03 of 1st period - Stopped by Juuse Saros without a rebound.
3:04 of 1st period - Ryan Nugent-Hopkins wins face-off versus Nico Hischier in EDMONTON Oilers zone.
3:05 of 1st period - Shot by J.T. Miller.
3:05 of 1st period - Stopped by Juuse Saros without a rebound.
3:06 of 1st period - Ryan Nugent-Hopkins wins face-off versus Nico Hischier in EDMONTON Oilers zone.
3:12 of 1st period - Icing by Mitch Marner.
3:13 of 1st period - Nico Hischier wins face-off versus Ryan Nugent-Hopkins in EDMONTON Oilers zone.
3:24 of 1st period - Shot by Nico Hischier.
3:24 of 1st period - Stopped by Ilya Sorokin without a rebound.
3:25 of 1st period - Casey Cizikas wins face-off versus Alex Galchenyuk in LAS VEGAS Golden Knights zone.
4:50 of 1st period - Shot by Ryan Nugent-Hopkins.
4:50 of 1st period - Shot Misses the Net.
4:52 of 1st period - Shot by Jakub Zboril.
4:52 of 1st period - Shot Blocked by Tony DeAngelo.
4:54 of 1st period - Shot by Jakub Zboril.
4:54 of 1st period - Shot Misses the Net.
5:47 of 1st period - Shot by Nico Hischier.
5:47 of 1st period - Shot Blocked by Brady Skjei.
5:57 of 1st period - Jack Johnson is hit by Nico Hischier and loses puck.
6:52 of 1st period - Shot by Artem Anisimov.
6:52 of 1st period - Deflect By Alex Galchenyuk.
6:52 of 1st period - Stopped by Juuse Saros without a rebound.
6:53 of 1st period - Anthony Cirelli wins face-off versus Ryan Nugent-Hopkins in EDMONTON Oilers zone.
7:16 of 1st period - Shot by Pavel Zacha.
7:16 of 1st period - Stopped by Juuse Saros without a rebound.
7:17 of 1st period - Alex Galchenyuk wins face-off versus Nico Hischier in EDMONTON Oilers zone.
7:45 of 1st period - Nico Hischier is hit by Nick Seeler and loses puck.
7:51 of 1st period - Clayton Keller is hit by Nick Seeler and loses puck.
8:00 of 1st period - Nico Hischier is hit by Luke Kunin and loses puck.
8:16 of 1st period - Icing by Roman Josi .
8:17 of 1st period - Ryan O'Reilly wins face-off versus Ryan Nugent-Hopkins in EDMONTON Oilers zone.
8:32 of 1st period - Shot by Tony DeAngelo.
8:32 of 1st period - Stopped by Ilya Sorokin without a rebound.
8:33 of 1st period - Arthur Kaliyev wins face-off versus Alex Kerfoot in LAS VEGAS Golden Knights zone.
8:42 of 1st period - Jack Johnson is hit by Anthony Cirelli and loses puck.
9:00 of 1st period - Shot by Oliver Ekman-Larsson.
9:00 of 1st period - Shot Blocked by Alex Kerfoot.
9:02 of 1st period - Shot by Dylan Strome.
9:02 of 1st period - Shot Blocked by Brady Skjei.
9:54 of 1st period - Shot by J.T. Miller.
9:54 of 1st period - Shot Misses the Net.
10:38 of 1st period - Shot by Clayton Keller.
10:38 of 1st period - Stopped by Ilya Sorokin without a rebound.
10:39 of 1st period - Kirby Dach wins face-off versus Nico Hischier in LAS VEGAS Golden Knights zone.
11:12 of 1st period - Shot by Ryan Nugent-Hopkins.
11:12 of 1st period - Deflect By Keegan Kolesar.
11:12 of 1st period - Shot Blocked by Alexander Romanov.
12:34 of 1st period - Alex Kerfoot is hit by Casey Cizikas and loses puck.
13:33 of 1st period - Shot by Nikolaj Ehlers.
13:33 of 1st period - Stopped by Ilya Sorokin without a rebound.
13:34 of 1st period - Kirby Dach wins face-off versus Nico Hischier in LAS VEGAS Golden Knights zone.
13:36 of 1st period - Icing by Ryan Nugent-Hopkins.
13:37 of 1st period - Mitch Marner wins face-off versus Kirby Dach in LAS VEGAS Golden Knights zone.
13:40 of 1st period - Shot by Clayton Keller.
13:40 of 1st period - Stopped by Ilya Sorokin without a rebound.
13:41 of 1st period - Ryan Nugent-Hopkins wins face-off versus Ryan O'Reilly in LAS VEGAS Golden Knights zone.
13:48 of 1st period - Nick Seeler is hit by Jack Quinn and loses puck.
13:49 of 1st period - Nick Seeler from LAS VEGAS Golden Knights is injured at 13:49 of 1st period (Sprained Left Finger).
13:50 of 1st period - Nico Hischier wins face-off versus Alex Galchenyuk in LAS VEGAS Golden Knights zone.
13:50 of 1st period - Nico Hischier is hit by Jakub Zboril.
14:20 of 1st period - Shot by Artem Anisimov.
14:20 of 1st period - Stopped by Juuse Saros with a rebound.
14:22 of 1st period - Shot by Luke Kunin.
14:22 of 1st period - Goal by Luke Kunin - LAS VEGAS Golden Knights : 1 - EDMONTON Oilers : 0.
14:23 of 1st period - Ryan Nugent-Hopkins wins face-off versus Ryan O'Reilly in neutral zone.
14:40 of 1st period - Off-side.
14:41 of 1st period - Alex Kerfoot wins face-off versus Anthony Cirelli in neutral zone.
14:52 of 1st period - Shot by Jakub Zboril.
14:52 of 1st period - Shot Misses the Net.
15:04 of 1st period - Rasmus Sandin is hit by Alex Kerfoot.
16:51 of 1st period - Alex Galchenyuk is hit by Roman Josi and loses puck.
19:14 of 1st period - Shot by Artem Anisimov.
19:14 of 1st period - Shot Misses the Net.
19:16 of 1st period - Shot by Filip Hronek.
19:16 of 1st period - Stopped by Juuse Saros without a rebound.
19:17 of 1st period - Casey Cizikas wins face-off versus Alex Kerfoot in EDMONTON Oilers zone.
19:29 of 1st period - Shot by Mackenzie Entwistle.
19:29 of 1st period - Shot Blocked by Filip Hronek.
19:31 of 1st period - Shot by Mackenzie Entwistle.
19:31 of 1st period - Shot Misses the Net.
19:48 of 1st period - Shot by Oliver Ekman-Larsson.
19:48 of 1st period - Stopped by Ilya Sorokin without a rebound.
19:49 of 1st period - Ryan O'Reilly wins face-off versus Alex Galchenyuk in LAS VEGAS Golden Knights zone.
19:52 of 1st period - Shot by Nikolaj Ehlers.
19:52 of 1st period - Stopped by Ilya Sorokin with a rebound.
Goals for this period are 1 for LAS VEGAS Golden Knights vs 0 for EDMONTON Oilers .
Shots for this period are 8 for LAS VEGAS Golden Knights vs 9 for EDMONTON Oilers .

2nd period


0:01 of 2nd period - Ryan Nugent-Hopkins wins face-off versus Ryan O'Reilly in neutral zone.
0:17 of 2nd period - Shot by Jack Quinn.
0:17 of 2nd period - Stopped by Ilya Sorokin without a rebound.
0:18 of 2nd period - Alex Galchenyuk wins face-off versus Nico Hischier in LAS VEGAS Golden Knights zone.
1:17 of 2nd period - Nikolaj Ehlers is hit by Luke Kunin and loses puck.
1:39 of 2nd period - Shot by Nikolaj Ehlers.
1:39 of 2nd period - Deflect By Ryan O'Reilly.
1:39 of 2nd period - Shot Misses the Net.
2:09 of 2nd period - Shot by Ryan Nugent-Hopkins.
2:09 of 2nd period - Stopped by Juuse Saros without a rebound.
2:10 of 2nd period - Alex Kerfoot wins face-off versus Anthony Cirelli in EDMONTON Oilers zone.
3:27 of 2nd period - Shot by Pavel Zacha.
3:27 of 2nd period - Shot Blocked by Roman Josi .
3:35 of 2nd period - Shot by Ryan Nugent-Hopkins.
3:35 of 2nd period - Shot Misses the Net.
3:37 of 2nd period - Shot by Pavel Zacha.
3:37 of 2nd period - Goal by Pavel Zacha - LAS VEGAS Golden Knights : 2 - EDMONTON Oilers : 0.
3:38 of 2nd period - Ryan O'Reilly wins face-off versus Philip Kurashev in neutral zone.
4:11 of 2nd period - Icing by Jack Quinn.
4:12 of 2nd period - Alex Galchenyuk wins face-off versus Ryan O'Reilly in EDMONTON Oilers zone.
4:15 of 2nd period - Shot by Jakub Zboril.
4:15 of 2nd period - Stopped by Juuse Saros without a rebound.
4:16 of 2nd period - Ryan Nugent-Hopkins wins face-off versus Nico Hischier in EDMONTON Oilers zone.
4:19 of 2nd period - Shot by Pavel Zacha.
4:19 of 2nd period - Shot Misses the Net.
4:24 of 2nd period - Off-side.
4:25 of 2nd period - Ryan Nugent-Hopkins wins face-off versus Nico Hischier in neutral zone.
4:32 of 2nd period - Shot by Pavel Zacha.
4:32 of 2nd period - Stopped by Juuse Saros without a rebound.
4:33 of 2nd period - Ryan Nugent-Hopkins wins face-off versus Nico Hischier in EDMONTON Oilers zone.
5:34 of 2nd period - Filip Hronek is hit by Tony DeAngelo.
5:43 of 2nd period - Roman Josi is hit by Luke Kunin.
5:58 of 2nd period - Off-side.
5:59 of 2nd period - Alex Kerfoot wins face-off versus Anthony Cirelli in neutral zone.
6:14 of 2nd period - Shot by Arthur Kaliyev.
6:14 of 2nd period - Stopped by Ilya Sorokin without a rebound.
6:15 of 2nd period - Alex Galchenyuk wins face-off versus Ryan O'Reilly in LAS VEGAS Golden Knights zone.
8:05 of 2nd period - Shot by Ryan Nugent-Hopkins.
8:05 of 2nd period - Stopped by Juuse Saros with a rebound.
8:08 of 2nd period - Minor Penalty to Oliver Ekman-Larsson for Tripping.
8:09 of 2nd period - Alex Galchenyuk wins face-off versus Anthony Cirelli in EDMONTON Oilers zone.
8:18 of 2nd period - Shot by Brady Skjei.
8:18 of 2nd period - Shot Blocked by Nikolaj Ehlers.
8:20 of 2nd period - Shot by Nikita Zaitsev.
8:20 of 2nd period - Shot Blocked by Tony DeAngelo.
8:22 of 2nd period - Shot by Artem Anisimov.
8:22 of 2nd period - Shot Misses the Net.
8:24 of 2nd period - Shot by Luke Kunin.
8:24 of 2nd period - Shot Misses the Net.
8:26 of 2nd period - Shot by Artem Anisimov.
8:26 of 2nd period - Stopped by Juuse Saros with a rebound.
8:28 of 2nd period - Shot by Luke Kunin.
8:28 of 2nd period - Shot Misses the Net.
9:44 of 2nd period - Shot by Brady Skjei.
9:44 of 2nd period - Shot Blocked by Tony DeAngelo.
10:21 of 2nd period - Off-side.
10:22 of 2nd period - Kirby Dach wins face-off versus Nico Hischier in neutral zone.
10:25 of 2nd period - Shot by Ryan Nugent-Hopkins.
10:25 of 2nd period - Stopped by Juuse Saros without a rebound.
10:26 of 2nd period - Alex Kerfoot wins face-off versus Casey Cizikas in EDMONTON Oilers zone.
10:44 of 2nd period - Off-side.
10:45 of 2nd period - Ryan Nugent-Hopkins wins face-off versus Nico Hischier in neutral zone.
10:52 of 2nd period - Shot by Ryan Nugent-Hopkins.
10:52 of 2nd period - Stopped by Juuse Saros without a rebound.
10:53 of 2nd period - Ryan Nugent-Hopkins wins face-off versus Nico Hischier in EDMONTON Oilers zone.
10:58 of 2nd period - Shot by J.T. Miller.
10:58 of 2nd period - Deflect By Ryan Nugent-Hopkins.
10:58 of 2nd period - Shot Misses the Net.
11:05 of 2nd period - Nico Hischier is hit by Jack Johnson and loses puck.
11:30 of 2nd period - Shot by J.T. Miller.
11:30 of 2nd period - Stopped by Juuse Saros with a rebound.
11:32 of 2nd period - Shot by Ryan Nugent-Hopkins.
11:32 of 2nd period - Goal by Ryan Nugent-Hopkins - LAS VEGAS Golden Knights : 3 - EDMONTON Oilers : 0.
11:33 of 2nd period - Ryan O'Reilly wins face-off versus Alex Galchenyuk in neutral zone.
12:04 of 2nd period - Shot by Jack Quinn.
12:04 of 2nd period - Shot Misses the Net.
13:11 of 2nd period - Icing by Rasmus Sandin.
13:12 of 2nd period - Anthony Cirelli wins face-off versus Ryan Nugent-Hopkins in EDMONTON Oilers zone.
13:39 of 2nd period - Icing by Alexander Romanov.
13:40 of 2nd period - Alex Galchenyuk wins face-off versus Anthony Cirelli in EDMONTON Oilers zone.
14:00 of 2nd period - Jack Quinn is hit by Nikita Zaitsev.
14:10 of 2nd period - Nikita Zaitsev is hit by Jack Quinn and loses puck.
14:17 of 2nd period - Shot by Jack Quinn.
14:17 of 2nd period - Shot Blocked by Nikita Zaitsev.
14:24 of 2nd period - Ryan O'Reilly is hit by Brady Skjei and loses puck.
14:36 of 2nd period - Minor Penalty to Brady Skjei for Interference.
14:37 of 2nd period - Nico Hischier wins face-off versus Ryan Nugent-Hopkins in LAS VEGAS Golden Knights zone.
15:00 of 2nd period - Shot by Tony DeAngelo.
15:00 of 2nd period - Deflect By Mitch Marner.
15:00 of 2nd period - Shot Misses the Net.
15:02 of 2nd period - Shot by Tony DeAngelo.
15:02 of 2nd period - Stopped by Ilya Sorokin with a rebound.
15:04 of 2nd period - Shot by Nico Hischier.
15:04 of 2nd period - Stopped by Ilya Sorokin without a rebound.
15:05 of 2nd period - Pavel Zacha wins face-off versus Ryan O'Reilly in LAS VEGAS Golden Knights zone.
15:35 of 2nd period - Shot by Oliver Ekman-Larsson.
15:35 of 2nd period - Goal by Oliver Ekman-Larsson - LAS VEGAS Golden Knights : 3 - EDMONTON Oilers : 1.
15:36 of 2nd period - Alex Kerfoot wins face-off versus Anthony Cirelli in neutral zone.
15:53 of 2nd period - Shot by Alex Kerfoot.
15:53 of 2nd period - Shot Misses the Net.
15:59 of 2nd period - Shot by Alex Kerfoot.
15:59 of 2nd period - Shot Misses the Net.
16:01 of 2nd period - Shot by Alex Kerfoot.
16:01 of 2nd period - Stopped by Juuse Saros without a rebound.
16:02 of 2nd period - Luke Kunin wins face-off versus Nico Hischier in EDMONTON Oilers zone.
16:09 of 2nd period - Shot by Alex Galchenyuk.
16:09 of 2nd period - Goal by Alex Galchenyuk - LAS VEGAS Golden Knights : 4 - EDMONTON Oilers : 1.
16:10 of 2nd period - Alex Galchenyuk wins face-off versus Nico Hischier in neutral zone.
16:21 of 2nd period - Shot by Clayton Keller.
16:21 of 2nd period - Goal by Clayton Keller - LAS VEGAS Golden Knights : 4 - EDMONTON Oilers : 2.
16:22 of 2nd period - Ryan Nugent-Hopkins wins face-off versus Ryan O'Reilly in neutral zone.
16:51 of 2nd period - Shot by Ryan O'Reilly.
16:51 of 2nd period - Shot Misses the Net.
17:16 of 2nd period - Icing by Jack Johnson.
17:17 of 2nd period - Ryan Nugent-Hopkins wins face-off versus Nico Hischier in LAS VEGAS Golden Knights zone.
17:34 of 2nd period - Shot by Clayton Keller.
17:34 of 2nd period - Shot Misses the Net.
17:36 of 2nd period - Shot by Tony DeAngelo.
17:36 of 2nd period - Shot Misses the Net.
17:40 of 2nd period - Shot by Nico Hischier.
17:40 of 2nd period - Stopped by Ilya Sorokin with a rebound.
17:42 of 2nd period - Shot by Roman Josi .
17:42 of 2nd period - Stopped by Ilya Sorokin without a rebound.
17:43 of 2nd period - Anthony Cirelli wins face-off versus Alex Galchenyuk in LAS VEGAS Golden Knights zone.
17:45 of 2nd period - Arthur Kaliyev is hit by Jakub Zboril and loses puck.
17:47 of 2nd period - Minor Penalty to Anthony Cirelli for Interference.
17:48 of 2nd period - Dylan Strome wins face-off versus Luke Kunin in EDMONTON Oilers zone.
18:12 of 2nd period - Shot by Alex Galchenyuk.
18:12 of 2nd period - Shot Misses the Net.
18:56 of 2nd period - Shot by Ryan Nugent-Hopkins.
18:56 of 2nd period - Stopped by Juuse Saros without a rebound.
18:57 of 2nd period - J.T. Miller wins face-off versus Dylan Strome in EDMONTON Oilers zone.
19:04 of 2nd period - Shot by Brady Skjei.
19:04 of 2nd period - Shot Misses the Net.
19:36 of 2nd period - Nikolaj Ehlers is hit by Luke Kunin.
Goals for this period are 3 for LAS VEGAS Golden Knights vs 2 for EDMONTON Oilers .
Shots for this period are 13 for LAS VEGAS Golden Knights vs 8 for EDMONTON Oilers .

3rd period


0:01 of 3rd period - Nico Hischier wins face-off versus Ryan Nugent-Hopkins in neutral zone.
0:35 of 3rd period - Shot by Ryan Nugent-Hopkins.
0:35 of 3rd period - Goal by Ryan Nugent-Hopkins - LAS VEGAS Golden Knights : 5 - EDMONTON Oilers : 2.
0:35 of 3rd period - Mike Smith enters game.
0:36 of 3rd period - Alex Galchenyuk wins face-off versus Ryan O'Reilly in neutral zone.
1:05 of 3rd period - Shot by Nikolaj Ehlers.
1:05 of 3rd period - Stopped by Ilya Sorokin without a rebound.
1:06 of 3rd period - Nico Hischier wins face-off versus Kirby Dach in LAS VEGAS Golden Knights zone.
1:13 of 3rd period - Shot by Nico Hischier.
1:13 of 3rd period - Stopped by Ilya Sorokin without a rebound.
1:14 of 3rd period - Nico Hischier wins face-off versus Ryan Nugent-Hopkins in LAS VEGAS Golden Knights zone.
1:25 of 3rd period - Mitch Marner is hit by J.T. Miller and loses puck.
1:30 of 3rd period - Shot by Ryan Nugent-Hopkins.
1:30 of 3rd period - Shot Blocked by Tony DeAngelo.
1:32 of 3rd period - Shot by Filip Hronek.
1:32 of 3rd period - Shot Misses the Net.
1:59 of 3rd period - Pavel Zacha is hit by Mitch Marner.
2:50 of 3rd period - Shot by Nikolaj Ehlers.
2:50 of 3rd period - Stopped by Ilya Sorokin with a rebound.
3:04 of 3rd period - Shot by Dylan Strome.
3:04 of 3rd period - Stopped by Ilya Sorokin without a rebound.
3:05 of 3rd period - Casey Cizikas wins face-off versus Alex Kerfoot in LAS VEGAS Golden Knights zone.
3:10 of 3rd period - Shot by Mackenzie Entwistle.
3:10 of 3rd period - Stopped by Ilya Sorokin without a rebound.
3:11 of 3rd period - Nico Hischier wins face-off versus Alex Kerfoot in LAS VEGAS Golden Knights zone.
4:43 of 3rd period - Off-side.
4:44 of 3rd period - Alex Galchenyuk wins face-off versus Anthony Cirelli in neutral zone.
5:10 of 3rd period - Icing by Alexander Romanov.
5:11 of 3rd period - Ryan Nugent-Hopkins wins face-off versus Anthony Cirelli in EDMONTON Oilers zone.
5:28 of 3rd period - Anthony Cirelli is hit by J.T. Miller and loses puck.
5:39 of 3rd period - Shot by J.T. Miller.
5:39 of 3rd period - Shot Misses the Net.
5:41 of 3rd period - Shot by Ryan Nugent-Hopkins.
5:41 of 3rd period - Stopped by Mike Smith without a rebound.
5:42 of 3rd period - Alex Galchenyuk wins face-off versus Mitch Marner in EDMONTON Oilers zone.
5:51 of 3rd period - Shot by Alex Galchenyuk.
5:51 of 3rd period - Shot Misses the Net.
6:09 of 3rd period - Shot by Alex Galchenyuk.
6:09 of 3rd period - Stopped by Mike Smith without a rebound.
6:10 of 3rd period - Ryan O'Reilly wins face-off versus Ryan Nugent-Hopkins in EDMONTON Oilers zone.
6:10 of 3rd period - Ryan O'Reilly is hit by Ryan Nugent-Hopkins.
6:13 of 3rd period - Icing by Nikolaj Ehlers.
6:14 of 3rd period - Ryan Nugent-Hopkins wins face-off versus Ryan O'Reilly in EDMONTON Oilers zone.
6:58 of 3rd period - Shot by Pavel Zacha.
6:58 of 3rd period - Shot Misses the Net.
7:00 of 3rd period - Shot by J.T. Miller.
7:00 of 3rd period - Deflect By Ryan Nugent-Hopkins.
7:00 of 3rd period - Shot Misses the Net.
7:32 of 3rd period - Jakub Zboril is hit by Nico Hischier and loses puck.
7:55 of 3rd period - Icing by Filip Hronek.
7:56 of 3rd period - Anthony Cirelli wins face-off versus Alex Galchenyuk in LAS VEGAS Golden Knights zone.
8:16 of 3rd period - Shot by Anthony Cirelli.
8:16 of 3rd period - Stopped by Ilya Sorokin without a rebound.
8:17 of 3rd period - Ryan Nugent-Hopkins wins face-off versus Casey Cizikas in LAS VEGAS Golden Knights zone.
8:17 of 3rd period - Ryan Nugent-Hopkins is hit by Mackenzie Entwistle.
8:28 of 3rd period - J.T. Miller is hit by Tony DeAngelo and loses puck.
9:12 of 3rd period - Icing by Jonas Siegenthaler.
9:13 of 3rd period - Ryan O'Reilly wins face-off versus Alex Kerfoot in EDMONTON Oilers zone.
9:13 of 3rd period - Oliver Ekman-Larsson is hit by Alex Kerfoot and loses puck.
10:27 of 3rd period - Shot by Mitch Marner.
10:27 of 3rd period - Shot Misses the Net.
10:29 of 3rd period - Shot by Mitch Marner.
10:29 of 3rd period - Stopped by Ilya Sorokin with a rebound.
10:31 of 3rd period - Shot by Clayton Keller.
10:31 of 3rd period - Shot Misses the Net.
10:38 of 3rd period - Nico Hischier is hit by Jack Johnson and loses puck.
11:05 of 3rd period - Jack Johnson is hit by Anthony Cirelli and loses puck.
11:51 of 3rd period - Off-side.
11:52 of 3rd period - Pavel Zacha wins face-off versus Ryan O'Reilly in neutral zone.
12:45 of 3rd period - Oliver Ekman-Larsson is hit by J.T. Miller and loses puck.
13:21 of 3rd period - Shot by Mitch Marner.
13:21 of 3rd period - Stopped by Ilya Sorokin without a rebound.
13:22 of 3rd period - Anthony Cirelli wins face-off versus Kirby Dach in LAS VEGAS Golden Knights zone.
13:58 of 3rd period - Icing by Alexander Romanov.
13:59 of 3rd period - Anthony Cirelli wins face-off versus Alex Kerfoot in EDMONTON Oilers zone.
14:07 of 3rd period - Icing by Jack Johnson.
14:08 of 3rd period - Alex Kerfoot wins face-off versus Nico Hischier in LAS VEGAS Golden Knights zone.
14:08 of 3rd period - Alex Kerfoot is hit by Clayton Keller.
14:31 of 3rd period - Icing by Clayton Keller.
14:32 of 3rd period - Alex Galchenyuk wins face-off versus Clayton Keller in EDMONTON Oilers zone.
14:41 of 3rd period - Shot by Alex Galchenyuk.
14:41 of 3rd period - Shot Misses the Net.
14:44 of 3rd period - Icing by Roman Josi .
14:45 of 3rd period - Alex Kerfoot wins face-off versus Nico Hischier in EDMONTON Oilers zone.
14:54 of 3rd period - Shot by Nico Hischier.
14:54 of 3rd period - Shot Misses the Net.
14:56 of 3rd period - Shot by Clayton Keller.
14:56 of 3rd period - Shot Hit the Post.
15:02 of 3rd period - Shot by Nico Hischier.
15:02 of 3rd period - Shot Misses the Net.
15:04 of 3rd period - Shot by Roman Josi .
15:04 of 3rd period - Shot Misses the Net.
15:59 of 3rd period - Icing by Nikita Zaitsev.
16:00 of 3rd period - Pavel Zacha wins face-off versus Anthony Cirelli in LAS VEGAS Golden Knights zone.
16:04 of 3rd period - Nikita Zaitsev is hit by Alexander Romanov and loses puck.
16:13 of 3rd period - Shot by Arthur Kaliyev.
16:13 of 3rd period - Stopped by Ilya Sorokin without a rebound.
16:14 of 3rd period - Alex Galchenyuk wins face-off versus Casey Cizikas in LAS VEGAS Golden Knights zone.
16:22 of 3rd period - Icing by Oliver Ekman-Larsson.
16:23 of 3rd period - Casey Cizikas wins face-off versus Ryan Nugent-Hopkins in EDMONTON Oilers zone.
16:39 of 3rd period - Icing by Ryan Nugent-Hopkins.
16:40 of 3rd period - Nico Hischier wins face-off versus Pavel Zacha in LAS VEGAS Golden Knights zone.
17:46 of 3rd period - Shot by Nikolaj Ehlers.
17:46 of 3rd period - Stopped by Ilya Sorokin without a rebound.
17:47 of 3rd period - Anthony Cirelli wins face-off versus Alex Galchenyuk in LAS VEGAS Golden Knights zone.
17:52 of 3rd period - Shot by Arthur Kaliyev.
17:52 of 3rd period - Shot Misses the Net.
18:15 of 3rd period - Dylan Strome is hit by Jakub Zboril and loses puck.
18:22 of 3rd period - Shot by Luke Kunin.
18:22 of 3rd period - Shot Misses the Net.
19:16 of 3rd period - Shot by Nikolaj Ehlers.
19:16 of 3rd period - Stopped by Ilya Sorokin without a rebound.
19:17 of 3rd period - Keegan Kolesar wins face-off versus Nico Hischier in LAS VEGAS Golden Knights zone.
19:17 of 3rd period - Keegan Kolesar is hit by Clayton Keller.
19:20 of 3rd period - Icing by Ryan Nugent-Hopkins.
19:21 of 3rd period - Kirby Dach wins face-off versus Ryan O'Reilly in LAS VEGAS Golden Knights zone.
19:27 of 3rd period - Icing by Oliver Ekman-Larsson.
19:28 of 3rd period - Ryan O'Reilly wins face-off versus Ryan Nugent-Hopkins in EDMONTON Oilers zone.
19:38 of 3rd period - Off-side.
19:39 of 3rd period - Kirby Dach wins face-off versus Nico Hischier in neutral zone.
Goals for this period are 1 for LAS VEGAS Golden Knights vs 0 for EDMONTON Oilers .
Shots for this period are 3 for LAS VEGAS Golden Knights vs 11 for EDMONTON Oilers .